 Dungeon Crawl Stone Soup version 0.22-a0-467-g5c5de1cb09 (webtiles) character file.

17 Kaname the Magician (level 2, -1/19 HPs)
             Began as a Demonspawn Wizard on June 10, 2018.
             Slain by a goblin
             ... wielding a +0 dagger
              (4 damage)
             ... on level 2 of the Dungeon.
             The game lasted 00:01:56 (792 turns).

Kaname the Magician (Demonspawn Wizard)              Turns: 792, Time: 00:01:57

Health: -1/19      AC:  2    Str:  7    XL:     2   Next: 44%
Magic:  5/6        EV: 12    Int: 19    God:
Gold:   40         SH:  0    Dex: 11    Spells: 6/7 levels left

rFire    . . .     SeeInvis .   c - -3 dagger
rCold    . . .     Gourm    .   (no shield)
rNeg     . . .     Faith    .   a - +0 robe
rPois    .         Spirit   .   b - +0 hat
rElec    .         Reflect  .   (no cloak)
rCorr    .         Harm     .   (no gloves)
MR       .....                  (no boots)
Stlth    ++........             (no amulet)
HPRegen  0.06/turn              (no ring)
MPRegen  0.10/turn              (no ring)

@: no status effects
A: horns 1
a: no special abilities


You were on level 2 of the Dungeon.
You were not hungry.

You visited 1 branch of the dungeon, and saw 2 of its levels.

You collected 40 gold pieces.

Inventory:

Hand Weapons
 c - a -3 dagger (weapon)
Armour
 a - a +0 robe (worn)
 b - a +0 hat (worn)
Jewellery
 f - a +5 ring of protection {unknown}
Comestibles
 d - 2 rations


   Skills:
 - Level 1.7 Dodging
 - Level 1.7 Stealth
 - Level 3.0 Spellcasting
 + Level 2.5 Conjurations
   Level 1.0 Summonings
   Level 0.8 Translocations


You had 6 spell levels left.
You knew the following spells:

 Your Spells              Type           Power        Failure   Level  Hunger
a - Magic Dart            Conj           ##..         5%          1    None

Your spell library contained the following spells:

 Spells                   Type           Power        Failure   Level  Hunger
 Conjure Flame            Conj/Fire      #.......     26%         3    ###....
 Slow                     Hex            #.......     22%         2    ##.....
 Mephitic Cloud           Conj/Pois/Air  #.......     32%         3    ###....
 Blink                    Tloc           N/A          16%         2    ##.....
 Call Imp                 Summ           #.......     16%         2    ##.....


Dungeon Overview and Level Annotations

Branches:
Dungeon (2/15)

Altars:


Innate Abilities, Weirdness & Mutations

You have a pair of small horns on your head.


Message History

The adder hisses angrily.
The giant cockroach bites you but does no damage.
Found 18 gold pieces.
As you read the scroll labeled EWOIGI WOKU, it crumbles to dust.
You feel as if something is helping you.
It was a scroll of remove curse.
The goblin hits you with a dagger.
* * * LOW HITPOINT WARNING * * *
It was a potion of curing.
You feel better. The goblin hits you with a dagger.
It was a potion of magic.
Magic courses through your body. The goblin hits you with a dagger.
* * * LOW HITPOINT WARNING * * *
Casting: Magic Dart (safe; 5% risk of failure)
Confirm with . or Enter, or press ? or * to list all spells.
Aiming: Magic Dart (safe; 5% risk of failure)
Press: ? - help, Shift-Dir - straight line, f/p - giant cockroach
Aim: a giant cockroach (clinging)
The magic dart hits the goblin.
The goblin is severely wounded.
The goblin hits you with a dagger.
You die...

########
##......##
##........##
#..........#
#..........#
#..........#
#..).......# ####
#.)........# ##.@#
##........## #sg.#
#..........###.###
#............Sr#
............#..#
...........##.##
..........?##.#
.#..?.....###.#
###......## $.#


You could see an adder, a giant cockroach, a goblin and a rat.

Vanquished Creatures
  A dart slug (D:1)
  A ball python (D:1)
  2 bats (D:1)
  5 goblins
  2 hobgoblins
  A kobold (D:1)
  A rat (D:1)
13 creatures vanquished.

Notes
Turn   | Place    | Note
-------+----------+-------------------------------------------
     0 | D:1      | Kaname the Demonspawn Wizard began the quest for the Orb.
     0 | D:1      | Reached XP level 1. HP: 13/13 MP: 4/4
   172 | D:1      | Gained mutation: You have a pair of small horns on your head. [demonic ancestry]
   172 | D:1      | Reached XP level 2. HP: 19/19 MP: 0/6
   792 | D:2      | Slain by a goblin

Vault maps used:
D:1:      ncdulo_halloftheorcs, corexii_item_surrounded_by_moat
D:2:      minmay_pentomino_o4

Skill      XL: |  1 |
---------------+----+-----
Conjurations   | 2 |  2.5
Dodging        | |  1.7
Stealth        | |  1.7
Spellcasting   | |  3.0
Summonings     | |  1.0
Translocations | |  0.8

Action                   || total
-------------------------++-------
Melee: Dagger            ||     8
       Headbutt          ||     3
 Cast: Magic Dart        ||    28
  Use: Potion            ||     2
       Scroll            ||     1
Armor: Robe              ||     7
Dodge: Dodged            ||    12

Table legend:
 A = Spawn XP
 B = Non-spawn XP
 C = Spawn XP percentage of total XP
 D = Spawn monster count
 E = Non-spawn monster count
 F = Spawn count percentage of total count
 G = Total turns spent on level
                    A         B        C        D         E        F      G
               +---------+---------+-------+---------+---------+-------+---------
         Total |       0 |      25 |   0.0 |       0 |      13 |   0.0 |   792
               +---------+---------+-------+---------+---------+-------+---------
           D:1 |       0 |      21 |   0.0 |       0 |      11 |   0.0 |   758
           D:2 |       0 |       4 |   0.0 |       0 |       2 |   0.0 |    34
               +---------+---------+-------+---------+---------+-------+---------
